 Dungeon Crawl Stone Soup version 0.22-a0-179-gb5258fd (webtiles) character file.

508 Firecrotchwizard the Insei (level 7, -1/37 HPs)
             Began as a Vine Stalker Monk on Feb 14, 2018.
             Was a Priest of Makhleb.
             Slain by an orc warrior
             ... wielding a cursed -2 flail
              (11 damage)
             ... on level 5 of the Dungeon.
             The game lasted 00:08:15 (3586 turns).

Firecrotchwizard the Insei (Vine Stalker Monk)      Turns: 3586, Time: 00:08:15

Health: -1/37      AC:  8    Str: 15    XL:     7   Next: 18%
Magic:  0/9        EV: 11    Int: 10    God:    Makhleb [***...]
Gold:   190        SH:  0    Dex: 17    Spells: 6/6 levels left

rFire    . . .     SeeInvis .     - Unarmed
rCold    . . .     Gourm    .   (no shield)
rNeg     . . .     Faith    .   d - +0 ring mail
rPois    .         Spirit   +   g - +0 helmet
rElec    .         Reflect  .   x - +0 cloak
rCorr    .         Harm     .   u - +0 pair of gloves
MR       +....                  (no boots)
Stlth    ++........             (no amulet)
HPRegen  0.52/turn              c - ring of protection from magic {MR+, !d}
MPRegen  0.11/turn              (no ring)

@: no status effects
A: fangs 2, regeneration 1, magic shield, antimagic bite, no potion heal 3, rot
immunity
a: Minor Destruction, Lesser Servant of Makhleb, Renounce Religion


You were on level 5 of the Dungeon.
You worshipped Makhleb.
Makhleb was most pleased with you.
You were hungry.

You visited 1 branch of the dungeon, and saw 5 of its levels.

You collected 190 gold pieces.

Inventory:

Hand Weapons
 q - a +3 trident
   (You found it on level 4 of the Dungeon)
Armour
 a - a +0 robe
 d - a +0 ring mail (worn)
   (You found it on level 1 of the Dungeon)
 g - a +0 helmet (worn)
   (You found it on level 2 of the Dungeon)
 u - a +0 pair of gloves (worn)
   (You found it on level 4 of the Dungeon)
 x - a +0 cloak (worn)
   (You found it on level 4 of the Dungeon)
Jewellery
 c - a ring of protection from magic (left hand) {MR+, !d}
   (You found it on level 1 of the Dungeon)
 r - an uncursed amulet of magic regeneration {unknown}
   (You found it on level 4 of the Dungeon)
 v - an uncursed amulet of regeneration {unknown}
   (You found it on level 4 of the Dungeon)
Wands
 p - a wand of iceblast (5)
   (You took it off a kobold on level 3 of the Dungeon)
 s - a wand of random effects (23)
   (You took it off an orc on level 4 of the Dungeon)
 t - a wand of paralysis (16)
   (You found it on level 4 of the Dungeon)
Scrolls
 f - a scroll of remove curse {unknown}
 h - a scroll of teleportation {unknown}
 n - a scroll of identify {unknown}
 o - a scroll of random uselessness
Potions
 e - 2 potions of curing {unknown}
 i - a potion of mutation {unknown}
 j - 2 potions of might {unknown}
 k - a potion of cancellation {unknown}
 l - 3 potions of heal wounds {unknown}
 m - a potion of brilliance {unknown}
 w - a potion of magic {unknown}
Comestibles
 b - 11 rations {@e1}


   Skills:
 - Level 4.3 Fighting
 - Level 2.4 Dodging
 - Level 2.4 Stealth
 * Level 6.7 Unarmed Combat
 + Level 1.5 Invocations


You had 6 spell levels left.
You didn't know any spells.

Dungeon Overview and Level Annotations

Branches:
Dungeon (5/15)
 Temple: D:4-7

Altars:
Cheibriados
Gozag
Hepliaklqana
Makhleb


Innate Abilities, Weirdness & Mutations

You have extremely sharp teeth.
Your natural rate of healing is unusually fast.
When hurt, damage is shared between your health and your magic reserves.
Your bite disrupts and absorbs the magic of your enemies.
Potions cannot restore your health.
You are immune to rotting.


Message History

You bite the scorpion, but do no damage.
The scorpion stings you but does no damage.
You closely miss the scorpion. You bite the scorpion. You drain its power.
The scorpion stings you.
You take 1 damage, and have 32/33 hp.
You closely miss the scorpion.
You bite the scorpion, but do no damage.
You hit the scorpion.
You kill the scorpion!
Makhleb accepts your kill.
You feel better.
You have reached level 7!
Health restored: 37 You start resting.
An orc comes into view. It is wielding a hand axe.
An orc is nearby!
The orc shouts!
You see here a scorpion corpse.
An orc warrior comes into view. It is wielding a flail.
The orc warrior shouts!
An orc wizard comes into view. It is wielding a dagger.
MP restored: 9 You barely miss the orc warrior.
The orc warrior drinks a potion.
The orc warrior suddenly seems more agile.
You hit the orc warrior but do no damage.
Your bite misses the orc warrior.
The orc wizard gestures at you while chanting.
The magic dart hits you!
You take 6 damage, and have 31/37 hp.
You now have 8/9 mp.
You barely miss the orc warrior. The orc closely misses you.
The orc warrior misses you.
You found a teleport trap!
You hit the orc. You bite the orc. You drain its power.
You feel invigorated. The orc hits you but does no damage.
MP restored: 9 You hit the orc.
You kill the orc!
Makhleb accepts your kill.
You feel better.
The orc wizard looks braver for a moment.
You closely miss the orc warrior.
You bite the orc warrior, but do no damage.
The orc warrior barely misses you.
You hit the orc warrior but do no damage.
The orc warrior hits you with a flail!
You take 8 damage, and have 28/37 hp.
MASSIVE DAMAGE!!
You now have 7/9 mp.
You barely miss the orc warrior. The orc warrior hits you with a flail!
You take 8 damage, and have 20/37 hp.
MASSIVE DAMAGE!!
You now have 5/9 mp.
You hit the orc warrior but do no damage.
Your bite misses the orc warrior. You closely miss the orc warrior.
Your bite misses the orc warrior. The orc warrior hits you with a flail.
You take 2 damage, and have 18/37 hp.
You now have 4/9 mp.
You hit the orc warrior. Your bite misses the orc warrior.
The teleport trap disappears.
The orc warrior disappears!
You start resting.
You punch the orc wizard!
You kill the orc wizard!
Makhleb accepts your kill.
You feel better.
You regained 3 hp, and now have 22/37 hp.
You hit the orc warrior but do no damage.
The orc warrior hits you with a flail!
You take 8 damage, and have 14/37 hp.
MASSIVE DAMAGE!!
You now have 3/9 mp.
You hit the orc warrior.
You bite the orc warrior, but do no damage.
You hit the orc warrior but do no damage.
Your bite misses the orc warrior. The orc warrior barely misses you.
You closely miss the orc warrior. Your punch misses the orc warrior.
Your bite misses the orc warrior. The orc warrior barely misses you.
You closely miss the orc warrior. Your bite misses the orc warrior.
The orc warrior barely misses you.
You hit the orc warrior but do no damage.
Your bite misses the orc warrior.
You hit the orc warrior but do no damage.
You punch the orc warrior, but do no damage.
Your bite misses the orc warrior.
The orc warrior hits you but does no damage.
You closely miss the orc warrior. Your bite misses the orc warrior.
The orc warrior misses you.
You hit the orc warrior. Your bite misses the orc warrior.
The orc warrior hits you with a flail!
* * * LOW HITPOINT WARNING * * *
You take 8 damage, and have 9/37 hp.
MASSIVE DAMAGE!!
You now have 1/9 mp.
Okay, then.
You miss the orc warrior. You punch the orc warrior!
The orc warrior closely misses you.
You hit the orc warrior.
You bite the orc warrior, but do no damage.
The orc warrior hits you with a flail!
You die...

.... ...... .#..
.....## #.#.### .
...... ...... ..
#....# #.#(.# .#
#....# #.#..# ...
#...o###.#<.#.#.#
#....#...#.#....#
#....#@#.......##
#....o.)..........
####..†.(....#.##.
#.##....#.# ..
#..+......# #.
####......#
#.?....# #......#
#......#


You could see an orc warrior.

Vanquished Creatures
  2 scorpions
  A howler monkey (D:4)
  2 orc priests
  An iguana (D:4)
  3 orc wizards
  A worker ant (D:4)
  5 adders
  An ooze (D:1)
  An adder skeleton (D:5)
  2 worms
  A leopard gecko (D:2)
  15 orcs
  4 ball pythons
  12 bats
  2 giant cockroaches
  9 goblins
  5 hobgoblins
  11 jackals
  11 kobolds
  4 quokkas
  7 frilled lizards
  9 rats
109 creatures vanquished.

Vanquished Creatures (others)
  A worker ant (D:5)
1 creature vanquished.

Grand Total: 110 creatures vanquished

Notes
Turn   | Place    | Note
-------+----------+-------------------------------------------
     0 | D:1      | Firecrotchwizard the Vine Stalker Monk began the quest for the Orb.
     0 | D:1      | Reached XP level 1. HP: 11/11 MP: 2/2
    87 | D:1      | Reached XP level 2. HP: 10/16 MP: 1/3
   310 | D:1      | Reached skill level 3 in Fighting
   360 | D:1      | HP: 3/16 [kobold (2)]
   365 | D:1      | HP: 2/16 [kobold (1)]
   508 | D:1      | Reached XP level 3. HP: 12/20 MP: 4/4
  1186 | D:1      | Reached skill level 4 in Unarmed Combat
  1586 | D:2      | Gained mutation: Your natural rate of healing is unusually fast. [Vine Stalker growth]
  1586 | D:2      | Reached XP level 4. HP: 22/24 MP: 5/5
  1985 | D:2      | Found a burning altar of Makhleb.
  1985 | D:2      | Found a snail-covered altar of Cheibriados.
  2002 | D:2      | Became a worshipper of Makhleb the Destroyer
  2002 | D:2      | Reached * piety under Makhleb
  2002 | D:2      | Reached ** piety under Makhleb
  2087 | D:3      | Found an opulent altar of Gozag.
  2245 | D:3      | Reached XP level 5. HP: 28/28 MP: 6/6
  2548 | D:3      | Reached skill level 5 in Unarmed Combat
  2861 | D:4      | Reached skill level 4 in Fighting
  2861 | D:4      | Reached XP level 6. HP: 33/33 MP: 5/7
  3082 | D:4      | Reached skill level 6 in Unarmed Combat
  3103 | D:4      | Reached *** piety under Makhleb
  3270 | D:4      | Reached skill level 1 in Invocations
  3486 | D:4      | Found a hazy altar of Hepliaklqana.
  3520 | D:5      | Entered Level 5 of the Dungeon
  3539 | D:5      | Reached XP level 7. HP: 37/37 MP: 7/9
  3583 | D:5      | HP: 9/37 [orc warrior/flail (9)]
  3586 | D:5      | Slain by an orc warrior

Vault maps used:
D:1:      dpeg_arrival_three_same_balls, minivault_25
D:2:      amethyst_overflow_temple_binary
D:3:      nicolae_gozag_seed_capital
D:4:      cheibrodos_pilgrimage, kennysheep_mini_moat, first_ration
D:5:      grunt_temple_overflow_order_and_chaos_1, lemuel_round_altar,
          grunt_qazlal_sundering

Skill      XL: |  1  2  3  4  5  6 |
---------------+-------------------+-----
Fighting       | 3 4 |  4.3
Unarmed Combat | 4 5 6 |  6.7
Invocations    | 1 |  1.5
Dodging        | |  2.4
Stealth        | |  2.4

Action                   |  1- 3 |  4- 6 |  7- 9 || total
-------------------------+-------+-------+-------++-------
Melee: Unarmed           |   118 |   215 |    24 ||   357
       Bite              |    19 |    64 |     5 ||    88
       Punch             |     1 |     8 |     1 ||    10
  Use: Scroll            |       |     1 |       ||     1
 Stab: Sleeping          |     3 |     5 |       ||     8
  Eat: Chunk             |     2 |     6 |       ||     8
Armor: Robe              |    19 |       |       ||    19
       Ring mail         |    39 |    64 |     2 ||   105
Dodge: Dodged            |    94 |   105 |     8 ||   207

Table legend:
 A = Spawn XP
 B = Non-spawn XP
 C = Spawn XP percentage of total XP
 D = Spawn monster count
 E = Non-spawn monster count
 F = Spawn count percentage of total count
 G = Total turns spent on level
                    A         B        C        D         E        F      G
               +---------+---------+-------+---------+---------+-------+---------
         Total |       0 |     726 |   0.0 |       0 |     109 |   0.0 |  3586
               +---------+---------+-------+---------+---------+-------+---------
           D:1 |       0 |      63 |   0.0 |       0 |      35 |   0.0 |  1537
           D:2 |       0 |      65 |   0.0 |       0 |      23 |   0.0 |   502
           D:3 |       0 |     144 |   0.0 |       0 |      24 |   0.0 |   686
           D:4 |       0 |     334 |   0.0 |       0 |      23 |   0.0 |   795
           D:5 |       0 |     120 |   0.0 |       0 |       4 |   0.0 |    66
               +---------+---------+-------+---------+---------+-------+---------

Vault maps used:
D:1:      dpeg_arrival_three_same_balls, minivault_25
D:2:      amethyst_overflow_temple_binary
D:3:      nicolae_gozag_seed_capital
D:4:      cheibrodos_pilgrimage, kennysheep_mini_moat, first_ration
D:5:      grunt_temple_overflow_order_and_chaos_1, lemuel_round_altar,
          grunt_qazlal_sundering

Table legend:
 A = Turns spent in this place as a percentage of turns spent in the entire game.
 B = Non-inter-level travel turns spent in this place as a percentage of non-inter-level travel turns spent in the entire game.
 C = Inter-level travel turns spent in this place as a percentage of turns spent in this place.
 D = Turns resting spent in this place as a percentage of non-inter-level travel turns spent in this place.
 E = Turns spent auto-exploring this place as a percentage of non-inter-level travel turns spent in this place.
 F = Non-inter-level travel turns spent in this place divided by the number of levels of this place that you've seen.
                   A       B       C       D       E      F
               +-------+-------+-------+-------+-------+----------------------
         Total | 100.0 | 100.0 |   7.2 |  21.6 |  53.0 | 665.8
       Dungeon | 100.0 | 100.0 |   7.2 |  21.6 |  53.0 | 665.8
               +-------+-------+-------+-------+-------+----------------------

Table legend:
 A = Kills in this place as a percentage of kills in entire the game.
 B = Kills by you in this place as a percentage of kills by you in the entire game.
 C = Kills by friends in this place as a percentage of kills by friends in the entire game.
 D = Other kills in this place as a percentage of other kills in the entire game.
 E = Experience gained in this place as a percentage of experience gained in the entire game.
 F = Experience gained in this place divided by the number of levels of this place that you have seen.
                   A       B       C       D       E      F
               +-------+-------+-------+-------+-------+----------------------
         Total | 100.0 | 100.0 |   N/A |   N/A | 100.0 | 145.2
       Dungeon | 100.0 | 100.0 |   N/A |   N/A | 100.0 | 145.2
               +-------+-------+-------+-------+-------+----------------------
